 Dungeon Crawl Stone Soup version 0.30.1-1-g62c8e00024 (webtiles) character file.

Game seed: 2869361587071499508

208 monsoonserge the Conjurer (level 5, -3/40 HPs)
             Began as a Demonspawn Reaver on July 14, 2023.
             Slain by Grinder (7 damage)
             ... while paralysed by Grinder
             ... on level 3 of the Dungeon.
             The game lasted 00:09:07 (2229 turns).

monsoonserge the Conjurer (Demonspawn Reaver)       Turns: 2229, Time: 00:09:08

Health: -3/40      AC:  6    Str: 19    XL:     5   Next: 55%
Magic:  2/8        EV:  2    Int: 16    God:
Gold:   195        SH:  0    Dex: 11    Spells: 7/9 levels left

rFire   . . .        r - +0 trident
rCold   . . .        (no shield)
rNeg    . . .        b - +0 leather armour
rPois   .            e - +0 helmet
rElec   .            (no cloak)
rCorr   .            (no gloves)
SInv    .            (no boots)
Will    .....        (no amulet)
Stlth   +            j - +6 ring of strength
HPRegen 0.26/turn    (no ring)
MPRegen 0.22/turn

%: no passive effects
@: paralysed
A: thin metallic scales 1, magic regeneration, weakness stinger 1
a: no special abilities


You were on level 3 of the Dungeon.
You visited 1 branch of the dungeon, and saw 4 of its levels.

You collected 195 gold pieces.

Inventory:

Hand Weapons
 a - a +0 mace
 r - a +0 trident (weapon)
Missiles
 l - 3 boomerangs (quivered)
 m - 4 atropa-tipped darts
Armour
 b - a +0 leather armour (worn)
 d - a +0 ring mail
 e - a +0 helmet (worn)
 i - a +0 chain mail
Jewellery
 j - a +6 ring of strength (left hand)
Wands
 v - a wand of digging (8)
Scrolls
 c - 3 scrolls of identify {unknown}
 f - 3 scrolls of teleportation {unknown}
 g - a scroll of fear {unknown}
 n - a scroll of immolation {unknown}
 o - 2 scrolls of noise {unknown}
 s - a scroll of brand weapon {unknown}
 t - a scroll of enchant armour {unknown}
 u - a scroll of vulnerability {unknown}
Potions
 h - a potion of berserk rage {unknown}
 k - a potion of heal wounds {unknown}
 p - a potion of curing {unknown}
 q - a potion of haste {unknown}


   Skills:
 + Level 2.8 Fighting
 - Level 3.0 Maces & Flails
 + Level 0.5 Polearms
 * Level 3.0 Armour
 + Level 2.0 Dodging
 + Level 1.1 Stealth
 + Level 2.5 Spellcasting
 + Level 3.2 Conjurations
 + Level 1.2 Necromancy


You had 7 spell levels left.
You knew the following spells:

 Your Spells              Type           Power      Damage    Failure   Level
a - Necrotise             Necr           24%        1d5       14%         1
b - Kiss of Death         Conj/Necr      36%        2d8       10%         1

Your spell library contained the following spells:

 Spells                   Type           Power      Damage    Failure   Level
 Momentum Strike          Conj/Tloc      14%        3d8       19%         2
 Hailstorm                Conj/Ice       7%         3d4       34%         3
 Vampiric Draining        Necr           6%         2d6       38%         3
 Agony                    Necr           6%         N/A       98%         5


Dungeon Overview and Level Annotations

Branches:
Dungeon (4/15)
 Temple: D:4-7

Altars:
Xom

Annotations:
D:3 Grinder, Sigmund


Innate Abilities, Weirdness & Mutations

You are partially covered in thin metallic scales. (AC +2)
You regenerate magic rapidly.
You have a small tail.


Message History

Press: ? - help, Shift-Dir - straight line You miscast Necrotise.
You are very lightly contaminated with residual magic.
Nothing appears to happen.
Something hits you but does no damage. Grinder gestures at you.
Unknown command.
Casting: Necrotise (safe; 14% risk of failure)
Confirm with . or Enter, or press ? or * to list all spells.
Aiming: Necrotise (safe; 14% risk of failure)
Press: ? - help, Shift-Dir - straight line Something writhes in agony.
Unknown command.
Casting: Necrotise (safe; 14% risk of failure)
Confirm with . or Enter, or press ? or * to list all spells.
Aiming: Necrotise (safe; 14% risk of failure)
Press: ? - help, Shift-Dir - straight line Something writhes in agony.
Unknown command.
Casting: Necrotise (safe; 14% risk of failure)
Confirm with . or Enter, or press ? or * to list all spells.
Aiming: Necrotise (safe; 14% risk of failure)
Press: ? - help, Shift-Dir - straight line Nothing appears to happen.
You closely miss something.
Grinder blinks!
Grinder gestures at you.
You suddenly lose the ability to move!
Grinder hits you.
You writhe in agony.
Grinder says, "FISH!"
Grinder hits you.
* * * LOW HITPOINT WARNING * * *
You writhe in agony.
* * * LOW HITPOINT WARNING * * *
Your magical contamination has completely faded away.
Something hits you.
* * * LOW HITPOINT WARNING * * *
Grinder hits you but does no damage. Something hits you.
* * * LOW HITPOINT WARNING * * *
Grinder hits you!
You die...

###############.#
.# #.5......##.#
.####.#......##.#
.##...#......##.#
.##.###....####.#
###........####.#
####........#.#
#.#...##.#5###
#.#...##.#.@.#
#.######.###{#
#...####.###.##
#.##.5.#.{.#..#
#.##.#.###.##.#
#.##.#.# #....#
#....#.# ######.#
######5# .# #
####.# .#o#


You could see Grinder.

Vanquished Creatures
  A steam dragon (D:3)
  An adder (D:2)
  A gnoll (D:1)
  2 dart slugs
  2 ball pythons
  2 bats
  10 endoplasms
  2 giant cockroaches (D:1)
  5 goblins
  5 hobgoblins
  4 kobolds
  3 quokkas
  3 frilled lizards (D:1)
  8 rats
49 creatures vanquished.

Notes
Turn   | Place    | Note
-------+----------+-------------------------------------------
     0 | D:1      | monsoonserge the Demonspawn Reaver began the quest for the
                  | Orb.
     0 | D:1      | Reached XP level 1. HP: 16/16 MP: 3/3
   131 | D:1      | Gained mutation: You have a small tail. [demonic ancestry]
   131 | D:1      | Reached XP level 2. HP: 22/22 MP: 5/5
   322 | D:1      | Gained mutation: You regenerate magic rapidly. [demonic
                  | ancestry]
   322 | D:1      | Reached XP level 3. HP: 25/25 MP: 6/6
   331 | D:1      | Reached skill level 1 in Necromancy
   723 | D:2      | Found a shimmering altar of Xom.
   994 | D:1      | Reached skill level 1 in Armour
  1389 | D:2      | Learned a level 1 spell: Necrotise
  1521 | D:3      | Reached XP level 4. HP: 34/34 MP: 3/7
  1670 | D:3      | Noticed Sigmund
  1744 | D:4      | Noticed a black bear
  1753 | D:4      | HP: 1/34 [disintegration (6)]
  1977 | D:3      | Noticed a steam dragon
  1985 | D:3      | Killed a steam dragon
  1986 | D:3      | Reached skill level 1 in Stealth
  1986 | D:3      | Gained mutation: You are partially covered in thin metallic
                  | scales. (AC +2) [demonic ancestry]
  1986 | D:3      | Reached XP level 5. HP: 3/40 MP: 4/8
  2149 | D:3      | Noticed Grinder
  2198 | D:3      | Paralysed by Grinder for 2 turns
  2225 | D:3      | Paralysed by Grinder for 5 turns
  2229 | D:3      | Slain by Grinder

Illustrated notes

Levels and vault maps discovered:
D:1:      minmay_arrival_shoal_huts, layout_basic, minmay_statues_item
D:2:      layout_rooms, basic_altar, minmay_pentomino_p4
D:3:      layout_basic, dreamdust_ecumenical_altar_hidden_monk_grotto,
          uniq_sigmund, uniq_grinder, uniq_ijyb
D:4:      layout_loops_ring, kennysheep_slug_shrine,
          minmay_temple_entry_poolview, minmay_cupped

Skill      XL: |  1  2  3  4 |
---------------+-------------+-----
Maces & Flails | 3 |  3.0
Necromancy     | 1 |  1.2
Dodging        | 2 |  2.0
Armour         | 1 3 |  3.0
Stealth        | 1 |  1.1
Fighting       | |  2.8
Polearms       | |  0.5
Spellcasting   | |  2.5
Conjurations   | |  3.2

Action                     |  1- 3 |  4- 6 || total
---------------------------+-------+-------++-------
  Melee: Mace              |   119 |       ||   119
         Tailslap          |     5 |     3 ||     8
         Trident           |     1 |    15 ||    16
  Throw: Boomerang         |       |     1 ||     1
   Cast: Kiss of Death     |     1 |     3 ||     4
         Necrotise         |     2 |     9 ||    11
   Stab: Sleeping          |     2 |     1 ||     3
 Armour: Leather armour    |    27 |     8 ||    35
         Ring mail         |    35 |       ||    35
  Dodge: Dodged            |    96 |    13 ||   109
